NYP
ABERDEEN IRONBIRDS @ VERMONT LAKE MONSTERS
09/02/2049
 
TOP OF THE 1ST
Aberdeen Ironbirds batting - Pitching for Vermont Lake Monsters : RHP Terry Evans
Pitching: RHP Terry Evans
Batting: RHB Ryan Bentz 0-0: Swinging Strike
0-1: Ball
1-1: Foul Ball, location: 2F
1-2: Strikes out swinging
Batting: RHB Adam Hudson 0-0: Ball
1-0: Foul Ball, location: 2F
1-1: Foul Ball, location: 2F
1-2: Ball
2-2: Ball
3-2: SINGLE (Groundball, 6MD, EV 94.4 MPH)
Batting: LHB Jeremy Nuzzo 0-0: Foul Ball, location: 2F
0-1: Foul Ball, location: 2F
0-2: Strikes out looking
Batting: SHB Shannon Britten 0-0: Ball
1-0: Ball
2-0: Called Strike
2-1: Ball
3-1: Foul Ball, location: 2F
3-2: Strikes out swinging
Top of the 1st over - 0 runs, 1 hit, 0 errors, 1 left on base; Aberdeen 0 - Vermont 0
BOTTOM OF THE 1ST
Vermont Lake Monsters batting - Pitching for Aberdeen Ironbirds : LHP Oliver Troiano
Pitching: LHP Oliver Troiano
Batting: RHB Scott Lister 0-0: Called Strike
0-1: Foul Ball, location: 2F
0-2: Foul Ball, location: 2F
0-2: Ball
1-2: Ball
2-2: Ball
3-2: Foul Ball, location: 2F
3-2: Strikes out swinging
Batting: SHB Steve Salafia 0-0: Called Strike
0-1: Ball
1-1: SINGLE (Line Drive, 7S, EV 90.6 MPH)
Batting: RHB Ryan Jennings 0-0: Swinging Strike
0-1: SINGLE (Line Drive, 4D, EV 100.0 MPH)
Steve Salafia to second
Batting: RHB Todd Vanasco 0-0: Ball
1-0: Foul Ball, location: 2F
1-1: Called Strike
1-2: Fielders Choice at 2nd, 6-4 (Groundball, 6, EV 102.5 MPH)
Steve Salafia to third
Batting: RHB Tetsuya Shinoda 0-0: SINGLE (Groundball, 6MD, EV 96.9 MPH)
Steve Salafia scores
Todd Vanasco to second
Batting: RHB Jon Coleman 0-0: Ball
1-0: SINGLE (Groundball, 56S, EV 61.9 MPH) (infield hit)
Todd Vanasco to third
Tetsuya Shinoda to second
Batting: SHB Matt Sybrant 0-0: Foul Ball, location: 2F
0-1: Foul Ball, location: 2F
0-2: Ball
1-2: Strikes out swinging
Bottom of the 1st over - 1 run, 4 hits, 0 errors, 3 left on base; Aberdeen 0 - Vermont 1
TOP OF THE 2ND
Aberdeen Ironbirds batting - Pitching for Vermont Lake Monsters : RHP Terry Evans
Batting: RHB Michael Powell 0-0: Ball
1-0: Ball
2-0: Foul Ball, location: 2F
2-1: Foul Ball, location: 2F
2-2: Ground out 5-3 (Groundball, 56S, EV 83.1 MPH)
Batting: LHB Danny Schultz 0-0: Foul Ball, location: 2F
0-1: Ball
1-1: Called Strike
1-2: Ball
2-2: Foul Ball, location: 2F
2-2: Foul Ball, location: 2F
2-2: Ball
3-2: Strikes out swinging
Batting: RHB Johnny Lowe 0-0: Called Strike
0-1: Called Strike
0-2: Strikes out swinging
Top of the 2nd over - 0 runs, 0 hits, 0 errors, 0 left on base; Aberdeen 0 - Vermont 1
BOTTOM OF THE 2ND
Vermont Lake Monsters batting - Pitching for Aberdeen Ironbirds : LHP Oliver Troiano
Batting: LHB Felipe Gomez 0-0: Called Strike
0-1: Fly out, F8 (Flyball, 8LD, EV 93.1 MPH)
Batting: RHB Ricardo Claros 0-0: Called Strike
0-1: Foul Ball, location: 2F
0-2: Strikes out swinging
Batting: RHB Scott Lister 0-0: Ball
1-0: Ball
2-0: Ball
3-0: Called Strike
3-1: Base on Balls
Batting: SHB Steve Salafia 0-0: Called Strike
0-1: Ball
1-1: Called Strike
Scott Lister steals 2nd base
1-2: Ball
2-2: Fly out, F8 (Flyball, 8RM, EV 91.9 MPH)
Bottom of the 2nd over - 0 runs, 0 hits, 0 errors, 1 left on base; Aberdeen 0 - Vermont 1
TOP OF THE 3RD
Aberdeen Ironbirds batting - Pitching for Vermont Lake Monsters : RHP Terry Evans
Batting: LHB Danny Moreno 0-0: Ground out 6-3 (Groundball, 4, EV 101.9 MPH)
Batting: LHB Edwin Cabral 0-0: Foul Ball, location: 2F
0-1: Ball
1-1: Ball
2-1: Ball
3-1: Base on Balls
Batting: RHB Ryan Bentz 0-0: Ball
1-0: Ball
2-0: Ground out 4-3 (Groundball, 34, EV 89.4 MPH)
Edwin Cabral to second
Batting: RHB Adam Hudson 0-0: Ball
1-0: Foul Ball, location: 2F
1-1: SINGLE (Groundball, 56D, EV 97.5 MPH)
Edwin Cabral to third
Runner from 3rd tries for Home, SAFE, throw by LF to home
Batting: LHB Jeremy Nuzzo 0-0: Foul Ball, location: 2F
0-1: Swinging Strike
0-2: Ball
1-2: Foul Ball, location: 2F
1-2: Strikes out swinging
Top of the 3rd over - 1 run, 1 hit, 0 errors, 1 left on base; Aberdeen 1 - Vermont 1
BOTTOM OF THE 3RD
Vermont Lake Monsters batting - Pitching for Aberdeen Ironbirds : LHP Oliver Troiano
Batting: RHB Ryan Jennings 0-0: Ball
1-0: Ground out 5-3 (Groundball, 5, EV 84.4 MPH)
Batting: RHB Todd Vanasco 0-0: Called Strike
0-1: Called Strike
0-2: Ball
1-2: Ball
2-2: SINGLE (Line Drive, 7S, EV 87.5 MPH)
Batting: RHB Tetsuya Shinoda 0-0: Ball
1-0: Ball
2-0: Called Strike
2-1: Ground out U3 (Groundball, 34S, EV 86.2 MPH)
Todd Vanasco to second
Batting: RHB Jon Coleman 0-0: Foul Ball, location: 2F
0-1: Hit by Pitch
Batting: SHB Matt Sybrant 0-0: Ball
1-0: DOUBLE (Flyball, 8LXD, EV 107.5 MPH)
Todd Vanasco scores
Jon Coleman to third
Runner from 3rd tries for Home, SAFE, throw by CF to trailing runner, SAFE at third!
Batting: LHB Felipe Gomez 0-0: Called Strike
0-1: TRIPLE (Flyball, 9D, EV 87.5 MPH)
Matt Sybrant scores
Batting: RHB Ricardo Claros 0-0: Called Strike
0-1: Foul Ball, location: 2F
0-2: Strikes out swinging
Bottom of the 3rd over - 3 runs, 3 hits, 0 errors, 1 left on base; Aberdeen 1 - Vermont 4
TOP OF THE 4TH
Aberdeen Ironbirds batting - Pitching for Vermont Lake Monsters : RHP Terry Evans
Batting: SHB Shannon Britten 0-0: Ball
1-0: Ball
2-0: Ball
3-0: Called Strike
3-1: Ground out U3 (Groundball, 3S, EV 81.2 MPH)
Pitching: LHP Cory Yeary
Batting: RHB Michael Powell 0-0: Ball
1-0: Ground out 6-3 (Groundball, 6S, EV 83.1 MPH)
Batting: LHB Danny Schultz 0-0: Ground out 3-1 (Groundball, 34D, EV 106.2 MPH)
Top of the 4th over - 0 runs, 0 hits, 0 errors, 0 left on base; Aberdeen 1 - Vermont 4
BOTTOM OF THE 4TH
Vermont Lake Monsters batting - Pitching for Aberdeen Ironbirds : LHP Oliver Troiano
Batting: RHB Scott Lister 0-0: Ball
1-0: Foul Ball, location: 2F
1-1: Ball
2-1: Foul Ball, location: 2F
2-2: Strikes out swinging
Batting: SHB Steve Salafia 0-0: Called Strike
0-1: Foul Ball, location: 2F
0-2: Fly out, F9 (Line Drive, 9S, EV 91.2 MPH)
Batting: RHB Ryan Jennings 0-0: Called Strike
0-1: Foul Ball, location: 2F
0-2: Strikes out looking
Bottom of the 4th over - 0 runs, 0 hits, 0 errors, 0 left on base; Aberdeen 1 - Vermont 4
TOP OF THE 5TH
Aberdeen Ironbirds batting - Pitching for Vermont Lake Monsters : LHP Cory Yeary
Batting: RHB Johnny Lowe 0-0: Ball
1-0: Ball
2-0: Ball
3-0: Foul Ball, location: 2F
3-1: SINGLE (Line Drive, 78S, EV 96.2 MPH)
Batting: LHB Danny Moreno 0-0: Called Strike
0-1: Swinging Strike
Pickoff Throw to First - Error! E1
Johnny Lowe to second
0-2: Strikes out looking
Batting: LHB Edwin Cabral 0-0: Called Strike
0-1: Ball
1-1: Swinging Strike
1-2: Ball
2-2: Ball
3-2: SINGLE (Line Drive, 8RS, EV 100.6 MPH)
Johnny Lowe to third
Batting: RHB Ryan Bentz 0-0: Ball
1-0: Called Strike
1-1: Swinging Strike
1-2: SINGLE (Line Drive, 5D, EV 97.5 MPH)
Johnny Lowe scores
Edwin Cabral to second
Batting: RHB Adam Hudson 0-0: Called Strike
0-1: Ball
1-1: Swinging Strike
1-2: Ball
2-2: Foul Ball, location: 2F
2-2: Foul Ball, location: 2F
2-2: Foul Ball, location: 2F
2-2: Ball
3-2: Base on Balls
Edwin Cabral to third
Ryan Bentz to second
Pinch Hitting: RHB Chris McGuirk 0-0: Ball
1-0: Fielders Choice at 2nd, 4-6 (Groundball, 4, EV 87.5 MPH)
Edwin Cabral scores
Ryan Bentz to third
Batting: SHB Shannon Britten 0-0: Swinging Strike
0-1: Foul Ball, location: 2F
0-2: Strikes out looking
Top of the 5th over - 2 runs, 3 hits, 1 error, 2 left on base; Aberdeen 3 - Vermont 4
BOTTOM OF THE 5TH
Vermont Lake Monsters batting - Pitching for Aberdeen Ironbirds : LHP Oliver Troiano
Now in RF: Santino Pisanello
Batting: RHB Todd Vanasco 0-0: Ball
1-0: Swinging Strike
1-1: Foul Ball, location: 2F
1-2: Ball
2-2: Ball
3-2: Strikes out looking
Pitching: RHP Rich Hensley
Batting: RHB Tetsuya Shinoda 0-0: SINGLE (Groundball, 6D, EV 99.4 MPH)
Batting: RHB Jon Coleman 0-0: Called Strike
0-1: Fly out, F8 (Flyball, 8RD, EV 100.0 MPH)
Batting: SHB Matt Sybrant 0-0: Ball
1-0: Foul Ball, location: 2F
1-1: Ball
2-1: Foul Ball, location: 2F
2-2: Foul Ball, location: 2F
2-2: Ball
3-2: DOUBLE (Flyball, 8RXD, EV 91.2 MPH)
Tetsuya Shinoda to third
Tetsuya Shinoda scores
Batting: LHB Felipe Gomez 0-0: Called Strike
0-1: Fly out, F8 (Flyball, 8LM, EV 89.4 MPH)
Bottom of the 5th over - 1 run, 2 hits, 0 errors, 1 left on base; Aberdeen 3 - Vermont 5
TOP OF THE 6TH
Aberdeen Ironbirds batting - Pitching for Vermont Lake Monsters : LHP Cory Yeary
Batting: RHB Michael Powell 0-0: Ball
1-0: Ball
2-0: Swinging Strike
2-1: Foul Ball, location: 2F
2-2: Strikes out swinging
Batting: LHB Danny Schultz 0-0: Foul Ball, location: 2F
0-1: Ball
1-1: Ball
2-1: Ball
3-1: Foul Ball, location: 2F
3-2: Base on Balls
Pitching: RHP Dave Magana
Batting: RHB Johnny Lowe 0-0: Foul Ball, location: 2F
0-1: Grounds into double play, 6-4-3 (Groundball, 6, EV 100.6 MPH)
Top of the 6th over - 0 runs, 0 hits, 0 errors, 0 left on base; Aberdeen 3 - Vermont 5
BOTTOM OF THE 6TH
Vermont Lake Monsters batting - Pitching for Aberdeen Ironbirds : RHP Rich Hensley
Batting: RHB Ricardo Claros 0-0: SINGLE (Groundball, 56S, EV 63.1 MPH) (infield hit)
Batting: RHB Scott Lister 0-0: Ball
1-0: Ball
2-0: Ball
3-0: Base on Balls
Ricardo Claros to second
Batting: SHB Steve Salafia 0-0: Foul Ball, location: 2F
0-1: Ball
1-1: Foul Ball, location: 2F
1-2: SINGLE (Flyball, 78S, EV 95.6 MPH)
Ricardo Claros to third
Scott Lister to second
Runner from 3rd tries for Home, SAFE, throw by LF to home
Batting: RHB Ryan Jennings 0-0: Ball
1-0: Ball
2-0: Ball
3-0: Called Strike
3-1: Base on Balls
Scott Lister to third
Steve Salafia to second
Pitching: RHP Justin Swanson
Batting: RHB Todd Vanasco 0-0: TRIPLE (Flyball, 89XD, EV 106.9 MPH)
Scott Lister scores
Steve Salafia scores
Ryan Jennings scores
Batting: RHB Tetsuya Shinoda 0-0: Fly out, F8 (Flyball, 8RXD, EV 91.2 MPH)
Runner from 3rd tags up, SCORES, no throw by CF
Batting: RHB Jon Coleman 0-0: Fly out, F7 (Flyball, 78M, EV 91.2 MPH)
Batting: SHB Matt Sybrant 0-0: Ball
1-0: Ball
2-0: Called Strike
2-1: SINGLE (Line Drive, 78S, EV 108.1 MPH)
Batting: LHB Felipe Gomez 0-0: Swinging Strike
0-1: Foul Ball, location: 2F
0-2: Ball
1-2: Ball
2-2: Strikes out swinging
Bottom of the 6th over - 5 runs, 4 hits, 0 errors, 1 left on base; Aberdeen 3 - Vermont 10
TOP OF THE 7TH
Aberdeen Ironbirds batting - Pitching for Vermont Lake Monsters : RHP Dave Magana
Batting: LHB Danny Moreno 0-0: Ball
1-0: Ball
2-0: Ball
3-0: Called Strike
3-1: Base on Balls
Batting: LHB Edwin Cabral 0-0: Foul Ball, location: 2F
0-1: Ball
1-1: Ball
2-1: Ball
3-1: Called Strike
3-2: Strikes out swinging
Batting: RHB Ryan Bentz 0-0: Called Strike
Danny Moreno steals 2nd base (no throw)
0-1: Foul Ball, location: 2F
0-2: Strikes out swinging
Batting: RHB Adam Hudson 0-0: Swinging Strike
0-1: Ground out 5-3 (Groundball, 56, EV 88.1 MPH)
Top of the 7th over - 0 runs, 0 hits, 0 errors, 1 left on base; Aberdeen 3 - Vermont 10
BOTTOM OF THE 7TH
Vermont Lake Monsters batting - Pitching for Aberdeen Ironbirds : RHP Justin Swanson
Batting: RHB Ricardo Claros 0-0: Called Strike
0-1: Called Strike
0-2: Ball
1-2: Ball
2-2: Ground out 5-3 (Groundball, 5, EV 90.0 MPH)
Pinch Hitting: RHB Rusty Prodoehl 0-0: Ball
1-0: Ball
2-0: Foul Ball, location: 2F
2-1: Foul Ball, location: 2F
2-2: Strikes out looking
Batting: SHB Steve Salafia 0-0: Ball
1-0: Ball
2-0: Ground out 6-3 (Groundball, 6M, EV 80.0 MPH)
Bottom of the 7th over - 0 runs, 0 hits, 0 errors, 0 left on base; Aberdeen 3 - Vermont 10
TOP OF THE 8TH
Aberdeen Ironbirds batting - Pitching for Vermont Lake Monsters : RHP Dave Magana
Now at 3B: Rusty Prodoehl
Batting: LHB Santino Pisanello 0-0: Foul Ball, location: 2F
0-1: Ball
1-1: Swinging Strike
1-2: Strikes out swinging
Batting: SHB Shannon Britten 0-0: Ball
1-0: Ground out 6-3 (Groundball, 6, EV 86.2 MPH)
Batting: RHB Michael Powell 0-0: Ball
1-0: Ground out 3-1 (Groundball, 34S, EV 81.2 MPH)
Top of the 8th over - 0 runs, 0 hits, 0 errors, 0 left on base; Aberdeen 3 - Vermont 10
BOTTOM OF THE 8TH
Vermont Lake Monsters batting - Pitching for Aberdeen Ironbirds : RHP Justin Swanson
Batting: RHB Ryan Jennings 0-0: Ball
1-0: Ground out 1-3 (Groundball, 13, EV 70.6 MPH)
Batting: RHB Todd Vanasco 0-0: Ball
1-0: Called Strike
1-1: Foul Ball, location: 2F
1-2: Strikes out swinging
Pinch Hitting: RHB Shi-xian Da 0-0: Ground out 3-1 (Groundball, 34, EV 89.4 MPH)
Bottom of the 8th over - 0 runs, 0 hits, 0 errors, 0 left on base; Aberdeen 3 - Vermont 10
TOP OF THE 9TH
Aberdeen Ironbirds batting - Pitching for Vermont Lake Monsters : RHP Dave Magana
Now at 1B: Brian Puccio
Batting: LHB Danny Schultz 0-0: Ball
1-0: Called Strike
1-1: Foul Ball, location: 2F
1-2: Foul Ball, location: 2F
1-2: Strikes out swinging
Pinch Hitting: RHB Dou-wan Pan 0-0: Called Strike
0-1: Foul Ball, location: 2F
0-2: Ball
1-2: Foul Ball, location: 2F
1-2: Foul Ball, location: 2F
1-2: Ball
2-2: Strikes out swinging
Batting: LHB Danny Moreno 0-0: Ground out 4-3 (Groundball, 34, EV 108.8 MPH)
Top of the 9th over - 0 runs, 0 hits, 0 errors, 0 left on base; Aberdeen 3 - Vermont 10
Sunday, July 16th , 2023 - OOTP Baseball 24.6 Build 69